 Dungeon Crawl Stone Soup version 0.28.0-45-g0d030f2227 (webtiles) character file.

Game seed: 9587154250655523909

665 jimonade the Covert (level 7, -2/41 HPs)
             Began as a Kobold Brigand on Apr 6, 2022.
             Was a Follower of Wu Jian.
             Shot with an arrow by a centaur (11 damage)
             ... on level 5 of the Dungeon.
             The game lasted 00:11:57 (4394 turns).

jimonade the Covert (Kobold Brigand)                Turns: 4394, Time: 00:11:57

Health: -2/41      AC:  3    Str: 10    XL:     7   Next: 88%
Magic:  7/7        EV: 14    Int: 12    God:    Wu Jian [*.....]
Gold:   340        SH:  0    Dex: 17    Spells: 6/6 levels left

rFire   + . .      SeeInvis +   v - +2 dagger (elec)
rCold   . . .      Faith    .   (no shield)
rNeg    . . .      Spirit   .   b - +0 robe
rPois   .          Reflect  .   (no helmet)
rElec   .          Harm     .   c - +0 cloak
rCorr   .          Rampage  .   (no gloves)
Will    .....                   (no boots)
Stlth   ++++++....              (no amulet)
HPRegen 0.13/turn               f - ring of protection from fire
MPRegen 0.10/turn               E - ring of see invisible

@: no status effects
A: small, no large weapons, nightstalker 3
a: Renounce Religion


You were on level 5 of the Dungeon.
You worshipped Wu Jian.
Wu Jian was aware of your devotion.
You visited 1 branch of the dungeon, and saw 5 of its levels.

You collected 340 gold pieces.

Inventory:

Hand Weapons
 a - a +2 dagger
 r - a +0 hand axe of flaming
 v - a +2 dagger of electrocution (weapon)
Missiles
 d - 17 poisoned darts
 e - 2 curare-tipped darts
 g - 102 stones
 m - 4 boomerangs of dispersal
 t - 41 bolts
 x - 6 javelins
 B - 4 boomerangs (quivered)
 G - 4 sling bullets
Armour
 b - a +0 robe (worn)
 c - a +0 cloak (worn)
 h - +0 storm dragon scales
 u - a +0 plate armour
Jewellery
 f - a ring of protection from fire (left hand)
 y - an amulet of regeneration
 E - a ring of see invisible (right hand)
Wands
 A - a wand of paralysis (10)
Scrolls
 j - 5 scrolls of identify {unknown}
 k - a scroll of teleportation {unknown}
 l - 2 scrolls of blinking {unknown}
 o - a scroll of vulnerability {unknown}
 q - a scroll of fog {unknown}
 s - a scroll of fear {unknown}
 z - a scroll of brand weapon {unknown}
Potions
 i - 3 potions of heal wounds {unknown}
 n - a potion of cancellation {unknown}
 p - a potion of flight {unknown}
 w - 3 potions of brilliance {unknown}
 C - a potion of haste {unknown}
 D - a potion of mutation {unknown}
 F - a potion of curing {unknown}


   Skills:
 * Level 3.6 Fighting
 + Level 4.4 Short Blades
 * Level 3.3 Throwing
 + Level 0.4 Armour
 + Level 1.8 Dodging
 * Level 10.6 Stealth


You had 6 spell levels left.
You didn't know any spells.
Your spell library contained the following spells:

 Spells                   Type           Power      Damage    Failure   Level
 Animate Skeleton         Necr           0%         N/A       32%         1
 Pain                     Necr           0%         1d4       32%         1
 Vampiric Draining        Necr           0%         2d6       69%         3


Dungeon Overview and Level Annotations

Branches:
Dungeon (5/15)             Temple (0/1) D:4

Altars:
Ru
Trog
Wu Jian

Shops:
D:3 ((   D:4 (

Annotations:
D:4 Gregoryblaze's ghost, amateur DrTm; NinjaNoafa's ghost, novice HOFi; Rudyous's ghost, amateur DrCK


Innate Abilities, Weirdness & Mutations

You are small and have problems with some larger weapons.
You are completely attuned to the shadows.


Message History

There is a stone staircase leading up here.
The helpless iguana fails to defend itself.
You stick the iguana like a pincushion!!!
You kill the iguana!
The Council accepts your kill.
There is a stone staircase leading up here.
Found a stone staircase leading up.
There is a stone staircase leading up here.
A centaur comes into view.
Press: ? - help, v - describe, . - travel
Here: a bush The floor.
Unknown command. 2 black bears come into view.
Found a bloodstained altar of Trog.
The black bear moves out of view.
The black bear misses you. The black bear closely misses you.
The black bear claws you but does no damage.
The centaur shouts!
You hit the black bear.
Lightning courses through the black bear!!
The black bear is almost dead.
You hear an angry growl.
The centaur wields a +0 shortbow.
The centaur shoots an arrow.
The arrow barely misses you.
The black bear goes berserk!
Unknown command.
The black bear bites you! The black bear claws you. The black bear misses you.
The black bear bites you. The black bear claws you.
The black bear completely misses you.
The centaur shoots an arrow.
The arrow hits you!
* * * LOW HITPOINT WARNING * * *
The black bear closely misses you. The black bear claws you.
* * * LOW HITPOINT WARNING * * *
The black bear barely misses you.
The black bear bites you but does no damage.
The black bear claws you.
* * * LOW HITPOINT WARNING * * *
The black bear closely misses you.
The centaur shoots an arrow.
The arrow hits you!
You die...

#.....#.^..
...........
...........
.....h....
#.........
#.........
.....hc...
........#.
.....@..#
#.....###
.........
.........
.........
.........#
....<.....#...#
..............#
..............#


You could see a black bear (berserk) and a centaur.

Vanquished Creatures
  Grinder (D:3)
  An ogre (D:3)
  A scorpion (D:3)
  2 hounds (D:4)
  2 iguanas
  Natasha (twice) (D:2)
  A hound skeleton (D:4)
  4 adders
  3 gnolls (D:3)
  An adder skeleton (D:2)
  2 dart slugs (D:1)
  4 worms
  An orc (D:3)
  4 endoplasms
  4 giant cockroaches
  9 goblins
  5 hobgoblins
  11 kobolds
  9 ball pythons
  7 bats
  5 frilled lizards
  2 rats (D:1)
81 creatures vanquished.

Vanquished Creatures (others)
  4 toadstools (D:1)
4 creatures vanquished.

Grand Total: 85 creatures vanquished

Notes
Turn   | Place    | Note
-------+----------+-------------------------------------------
     0 | D:1      | jimonade the Kobold Brigand began the quest for the Orb.
     0 | D:1      | Reached XP level 1. HP: 12/12 MP: 1/1
    54 | D:1      | Reached XP level 2. HP: 4/17 MP: 2/2
   466 | D:1      | Found a faded altar of an unknown god.
   568 | D:1      | Reached XP level 3. HP: 21/21 MP: 3/3
   587 | D:1      | Reached skill level 6 in Stealth
  1670 | D:2      | Found an ornate altar of the Wu Jian Council.
  1703 | D:2      | Became a worshipper of the Wu Jian Council
  1905 | D:2      | Reached XP level 4. HP: 27/27 MP: 4/4
  1914 | D:2      | Noticed Natasha
  1916 | D:2      | Killed Natasha
  2165 | D:2      | Noticed Natasha
  2169 | D:2      | Killed Natasha
  2170 | D:2      | Reached skill level 7 in Stealth
  2170 | D:2      | Reached XP level 5. HP: 31/31 MP: 5/5
  2828 | D:3      | Noticed an ogre
  2830 | D:3      | Killed an ogre
  2831 | D:3      | Reached skill level 8 in Stealth
  2831 | D:3      | Reached XP level 6. HP: 37/37 MP: 6/6
  3102 | D:3      | Noticed Grinder
  3119 | D:3      | Reached skill level 9 in Stealth
  3273 | D:3      | Killed Grinder
  3274 | D:3      | Reached skill level 10 in Stealth
  3274 | D:3      | Reached XP level 7. HP: 41/41 MP: 7/7
  3445 | D:3      | Found Hessah's Weapon Emporium.
  3479 | D:3      | Found a sacrificial altar of Ru.
  3546 | D:3      | Found Qurodaca's Weapon Shoppe.
  3685 | D:4      | Reached * piety under Wu Jian
  3687 | D:4      | Found a staircase to the Ecumenical Temple.
  3741 | D:4      | Found Ehiosigh's Antique Weapon Shoppe.
  3987 | D:4      | Found a runed translucent gate.
  3988 | D:4      | Found a runed translucent gate.
  3989 | D:4      | Found a runed translucent gate.
  4286 | D:4      | Noticed NinjaNoafa's ghost (novice HOFi)
  4286 | D:4      | Noticed Rudyous's ghost (amateur DrCK)
  4286 | D:4      | Noticed Gregoryblaze's ghost (amateur DrTm)
  4351 | D:5      | Entered Level 5 of the Dungeon
  4382 | D:5      | Found a bloodstained altar of Trog.
  4394 | D:5      | Shot with an arrow by a centaur

Illustrated notes

Levels and vault maps discovered:
D:1:      dpeg_arrival_short_road, layout_basic, ebering_ecumenical_altar_ruins,
          minmay_gold_behind_fungi, minmay_heptomino_w4
D:2:      layout_loops_corners, basic_altar, hangedman_abyss_or_decor_stabs,
          uniq_natasha
D:3:      layout_loops_ring, nicolae_ru_the_path_less_chosen, serial_shops,
          nicolae_lakefront_shop, nicolae_shop_trees, uniq_grinder
D:4:      wander_river, layout_rooms, minmay_temple_entry_junction,
          serial_shops, nicolae_shop_statue_plus, gammafunk_ghost_cemetery
D:5:      minmay_chambers_of_fours, layout_rooms, trog_ov_bears_minmay,
          grunt_decor_clamped

Skill      XL: |  1  2  3  4  5  6  7 |
---------------+----------------------+-----
Short Blades   | 3 4 |  4.4
Stealth        | 6 7 8 10 | 10.6
Fighting       | 3 |  3.6
Throwing       | 3 |  3.3
Armour         | |  0.4
Dodging        | |  1.8

Action                   |  1- 3 |  4- 6 |  7- 9 || total
-------------------------+-------+-------+-------++-------
Melee: Dagger            |    88 |    32 |    33 ||   153
       Punch             |     2 |       |       ||     2
Invok: Lunge             |     3 |    15 |    10 ||    28
 Stab: Sleeping          |    15 |    19 |    11 ||    45
       Distracted        |       |     2 |     1 ||     3
Armor: Robe              |     2 |     1 |     5 ||     8
       Storm dragon scal |    29 |       |       ||    29
Dodge: Dodged            |    25 |     3 |    11 ||    39
